AoeStats
← parradodj

Northern Isles

510822677Analyzed
1v1 RM · 22h ago on Oct 2, 2026· 63m 1s· 2 players
Game mode
Random Map
Map size
Tiny (2 player)
Population
200
Speed
Normal
Resources
Standard
Victory
Conquest
Starting age
Dark Age
Ending age
Imperial Age
RankedLock teamsTeams togetherTeam positionsShared explorationLock speedFull tech treeHidden civsTurbo modeCheats
Victory
Defeat
🇲🇽 Vikings · Mexico
587
+17
🇨🇴 Goths · Colombia
609
-17
RJabrega
10:52 Feudal Age
15:11 Forging
15:10 Man-at-Arms
16:46 Double-Bit Axe
17:11 Arson
22:41 Castle Age
23:02 Fishing Lines
25:38 Long Swordsman
26:26 Fletching
27:16 Medium Warships
30:24 Scale Mail Armor
32:16 Bodkin Arrow
32:58 Iron Casting
35:31 Chain Mail Armor
35:36 Bow Saw
37:54 Squires
39:49 Town Watch
41:35 Pikeman
45:07 Town Patrol
48:19 Imperial Age
46:47 Gold Mining
51:14 Gold Shaft Mining
51:05 Ballistics
51:19 Elite Berserk
57:02 Chieftains
57:08 Capped Ram
parradodj
12:35 Feudal Age
12:49 Man-at-Arms
15:38 Bloodlines
15:21 Fishing Lines
17:16 Double-Bit Axe
18:13 Fletching
18:24 Padded Archer Armor
18:35 Forging
18:26 Scale Mail Armor
18:17 Horse Collar
21:16 Stone Mining
21:17 Gold Mining
28:43 Castle Age
27:19 Wheelbarrow
26:30 Loom
31:07 Hand Cart
30:20 Crossbowman
30:55 Long Swordsman
31:56 Scale Barding Armor
33:17 Husbandry
34:30 Stone Shaft Mining
33:43 Town Watch
35:50 Bow Saw
35:44 Bodkin Arrow
36:05 Leather Archer Armor
35:45 Gillnets
37:06 Iron Casting
36:47 Chain Mail Armor
40:24 Chain Barding Armor
44:48 Murder Holes
45:14 Ballistics
45:54 Anarchy
46:48 Pikeman
54:48 Squires
58:20 Imperial Age
55:52 Town Patrol
56:01 Heavy Plow
59:26 Conscription
59:06 Perfusion
60:21 Light Cavalry
62:08 Elite Huskarl
Connection lost

Rejoining the realm…

Still unreachable

The connection could not be restored.

Session expired

The server has moved on; the page needs a fresh start.